 Dungeon Crawl Stone Soup version 0.25-a0-502-g6516661 (webtiles) character file.

Game seed: 18309284562983899920, levelgen mode: deterministic

3536 drc500free the Archer (level 9, 0/117 HPs)
             Began as a Centaur Hunter on Feb 12, 2020.
             Was a Follower of Okawaru.
             Succumbed to a hornet's poison
             ... on level 8 of the Dungeon.
             The game lasted 01:02:39 (10937 turns).

drc500free the Archer (Centaur Hunter)             Turns: 10937, Time: 01:02:39

Health: 0/117      AC: 27    Str: 18 (21) XL:     9   Next: 82%
Magic:  9/9        EV:  1    Int:  8 (10) God:    Okawaru [*.....]
Gold:   250        SH:  0    Dex: 12 (14) Spells: 6/8 levels left

rFire    + . .     SeeInvis .   j - +2 mace (protect)
rCold    x . .     Gourm    .   (no shield)
rNeg     + + +     Faith    .   (armour currently unavailable)
rPois    +         Spirit   .   (helmet currently unavailable)
rElec    .         Reflect  .   (cloak currently unavailable)
rCorr    .         Harm     .   (gloves currently unavailable)
MR       .....     NoTele   +   (no barding)
Stlth    ++........             (no amulet)
HPRegen  0.29/turn              m - ring of fire
MPRegen  0.11/turn              q - +3 ring of protection

@: mighty, lethally poisoned (0 -> -1), tree-form, berserk cooldown
A: large, strong 1
a: Heroism, Renounce Religion


You were on level 8 of the Dungeon.
You worshipped Okawaru.
Okawaru was aware of your devotion.
You were not hungry.
You were a tree.
You visited 2 branches of the dungeon, and saw 9 of its levels.

You collected 502 gold pieces.
You spent 252 gold pieces at shops.

Inventory:

Hand Weapons
 a - a +4 shortbow
 d - a +0 whip of freezing
 j - a +2 mace of protection (weapon)
 t - a +0 rapier
 z - a +0 hunting sling
 B - a +0 short sword
 H - a +0 long sword
 J - a +2 mace of holy wrath
Missiles
 e - 97 bolts
 h - 58 sling bullets
 k - 154 arrows
 n - 238 stones (quivered)
Armour
 c - a +1 robe of magic resistance (melded)
 i - a +2 robe of the Archmagi
 D - a +0 scale mail
 K - a +2 robe of positive energy
 O - a +0 leather armour
 P - a +0 leather armour
Jewellery
 b - a +3 amulet of reflection
 m - a ring of fire (left branch)
 q - a +3 ring of protection (right branch)
 G - an uncursed amulet of the acrobat {unknown}
Wands
 p - a wand of digging (5)
 u - a wand of acid (2)
 v - a wand of flame (16)
 x - a wand of random effects (26)
Scrolls
 g - 3 scrolls of remove curse
 r - 3 scrolls of amnesia
 w - 2 scrolls of blinking
 y - a scroll of random uselessness
 A - 2 scrolls of teleportation
 N - a scroll of immolation
Potions
 o - 2 potions of brilliance
 s - a potion of flight
 E - 2 potions of degeneration
 I - a potion of berserk rage
 L - 2 potions of might
Comestibles
 f - 14 rations


   Skills:
 + Level 6.8 Fighting
 + Level 2.5 Short Blades
 + Level 2.5 Maces & Flails
 + Level 13.5 Bows
 + Level 0.7 Throwing
 + Level 2.8 Armour
 + Level 2.7 Dodging
 + Level 1.4 Stealth
 + Level 0.8 Evocations


You had 6 spell levels left.
You knew the following spells:

 Your Spells              Type           Power        Failure   Level  Hunger
a - Call Imp              Summ           #.......     54%         2    ###....

Your spell library contained the following spells:

 Spells                   Type           Power        Failure   Level  Hunger
 Summon Small Mammal      Summ           #...         41%         1    ##.....
 Call Canine Familiar     Summ           #.......     78%         3    ####...
 Summon Guardian Golem    Hex/Summ       #.......     78%         3    ####...
 Summon Ice Beast         Ice/Summ       #.......     99%         4    #####..
 Summon Lightning Spire   Summ/Air       #.......     99%         4    #####..


Dungeon Overview and Level Annotations

Branches:
Dungeon (8/15)             Temple (1/1) D:6
   Lair: D:8-11

Altars:
Ashenzari
Cheibriados
Dithmenos
Elyvilon
Fedhas
Gozag
Hepliaklqana
Kikubaaqudgha
Makhleb
Nemelex Xobeh
Okawaru
Qazlal
Ru
Sif Muna
Trog
Uskayaw
Vehumet
Wu Jian
Xom
Yredelemnul
Zin
The Shining One

Shops:
D:4 *   D:5 }}=   D:7 *


Innate Abilities, Weirdness & Mutations

((You have hooves in place of feet.))
((Armour fits poorly on your strangely shaped body.))
((You cover ground very quickly.))
((You have extremely tough skin. (AC +3)))
((You have a beak for a mouth.))
Your muscles are strong. (Str +2)


Message History

You cannot teleport because you are held in place by your roots.
You cannot move.
Unknown command.
Unknown command.
Unknown command.
Unknown command.
Unknown command.
Unknown command.
Casting: Call Imp (safe; 54% risk of failure)
Confirm with . or Enter, or press ? or * to list all spells.
You don't know that spell.
Evoke which item? (* to show all) (? for menu, Esc to quit)
Aiming: Corrosive Bolt
Press: ? - help, Shift-Dir - straight line, f - hornet, p - jelly
Aim: a hornet (fleeing)
The bolt of acid misses the hornet.
The bolt of acid hits the hornet!
The hornet is splashed with acid!
The acid corrodes the hornet!
The hornet is severely wounded.
Your attack snaps the hornet out of its fear.
You die...

*,,,,,,,,,,,*#**
*,********,#.#.#######
*********##*,* *,**#......<..
,,,,,,,,,...h#####***,#.#.##.####
******,,,o..J..ao#*,,,....,#.# *
*,**#######{#*,****#..#.#### *,*
#h#*,* #...>.... ******,* #J#*,*
*#........ ,,,,,,,*
#♣#*,***#...#.#### *****,,*
#y#*,,,*#..##.# *,,*
#.#,,,,,#..*#.# *,,*
#yy,,,,...,*#.# *,,*
###,,,,.##,*#.# *,,********
**,,,***,,#.*### *,,,,,,,,,*
**,** *,,,,,... *,*******,*
*,*****,###### *,* *,*
*,,,,,......#.


You could see 3 hornets, a howler monkey (fleeing), a jelly (fleeing), a worker
ant (fleeing) and an orc wizard.

Vanquished Creatures
  Pikel (D:3)
  Grinder (D:3)
  A hippogriff (D:7)
  Prince Ribbit (D:6)
  An orc warrior (D:6)
  A black bear (D:8)
  3 sky beasts
  2 ogres (D:7)
  An ice beast (D:5)
  4 slaves
  4 centaurs
  2 bullfrogs (D:6)
  2 scorpions
  3 howler monkeys
  A centaur zombie (D:8)
  5 crimson imps
  A jelly (D:8)
  4 orc priests
  An iguana (D:4)
  A hound (D:8)
  7 orc wizards
  2 bullfrog skeletons
  A centaur skeleton (D:6)
  A worker ant (D:4)
  A killer bee zombie (D:7)
  2 hound skeletons (D:6)
  A mummy (D:4)
  6 gnolls
  11 adders
  2 shadow imps (D:6)
  An ooze (D:5)
  2 worms (D:2)
  4 dart slugs
  6 leopard geckos
  28 orcs
  4 giant cockroaches
  8 goblins
  15 hobgoblins
  10 jackals
  9 kobolds
  5 quokkas
  A ball python skeleton (D:5)
  6 bats
  6 frilled lizards
  A hobgoblin zombie (D:4)
  A kobold zombie (D:4)
  2 orc zombies (D:4)
  A quokka skeleton (D:6)
  A quokka zombie (D:7)
  7 rats
192 creatures vanquished.

Notes
Turn   | Place    | Note
-------+----------+-------------------------------------------
     0 | D:1      | drc500free the Centaur Hunter began the quest for the Orb.
     0 | D:1      | Reached XP level 1. HP: 17/17 MP: 1/1
    78 | D:1      | Reached XP level 2. HP: 24/24 MP: 2/2
   144 | D:1      | Reached skill level 6 in Bows
   985 | D:2      | Reached XP level 3. HP: 28/29 MP: 3/3
  1623 | D:2      | Reached XP level 4. HP: 37/37 MP: 4/4
  2512 | D:2      | Reached skill level 7 in Bows
  3351 | D:3      | Reached XP level 5. HP: 35/45 MP: 5/5
  3704 | D:2      | Reached skill level 1 in Armour
  3774 | D:3      | Reached skill level 1 in Short Blades
  4055 | D:3      | Noticed Grinder
  4061 | D:3      | Paralysed by Grinder for 3 turns
  4070 | D:3      | Paralysed by Grinder for 5 turns
  4084 | D:3      | Killed Grinder
  4084 | D:3      | Reached XP level 6. HP: 36/51 MP: 6/6
  4343 | D:3      | Found an ancient bone altar of Kikubaaqudgha.
  4869 | D:3      | Gained mutation: Your muscles are strong. (Str +2) [potion
                  | of mutation]
  4869 | D:3      | Gained mutation: You have a beak for a mouth. [potion of
                  | mutation]
  5216 | D:4      | Noticed a slave
  5226 | D:4      | Killed a slave
  5230 | D:4      | Noticed a slave
  5283 | D:3      | Killed a slave
  5621 | D:4      | Noticed a slave
  5633 | D:4      | Noticed a slave
  5636 | D:4      | Noticed Pikel
  5656 | D:3      | Killed a slave
  5711 | D:3      | Killed a slave
  6032 | D:3      | Killed Pikel
  6032 | D:3      | Reached skill level 9 in Bows
  6032 | D:3      | Reached XP level 7. HP: 40/59 MP: 7/7
  6457 | D:4      | Reached XP level 8. HP: 53/66 MP: 8/8
  6693 | D:4      | Found Wuceipn's Whimsical Warehouse.
  6974 | D:5      | Entered Level 5 of the Dungeon
  7247 | D:5      | Found Giedyfiz's Gadget Shoppe.
  7252 | D:5      | Reached skill level 10 in Bows
  7275 | D:5      | Found Wimmuism's Gadget Emporium.
  7436 | D:5      | Reached skill level 5 in Fighting
  7488 | D:5      | Reached skill level 1 in Maces & Flails
  7523 | D:5      | Reached skill level 1 in Stealth
  7599 | D:5      | Found Awelos's Jewellery Boutique.
  7602 | D:5      | Bought a +3 ring of protection for 252 gold pieces
  8373 | D:5      | Reached skill level 11 in Bows
  8672 | D:6      | Found a blossoming altar of Fedhas.
  8970 | D:6      | Reached XP level 9. HP: 74/74 MP: 9/9
  9002 | D:6      | Found a staircase to the Ecumenical Temple.
  9126 | D:6      | Noticed Prince Ribbit
  9150 | D:6      | Killed Prince Ribbit
  9150 | D:6      | Reached skill level 12 in Bows
  9688 | Temple   | Entered the Ecumenical Temple
  9894 | Temple   | Became a worshipper of Warmaster Okawaru
  9996 | D:7      | Found a sacrificial altar of Ru.
 10286 | D:7      | Reached * piety under Okawaru
 10286 | D:7      | Reached skill level 13 in Bows
 10355 | D:7      | Learned a level 2 spell: Call Imp
 10427 | D:7      | Found Nisafi's General Store.
 10928 | D:8      | HP: 3/78 [hornet (11)]
 10933 | D:8      | HP: 1/117 [poisoned by a hornet]
 10937 | D:8      | Succumbed to a hornet's poison

Levels and vault maps discovered:
D:1:      eino_arrival_water_cross, layout_loops_corners
D:2:      kennysheep_six_static_rooms, layout_basic,
          minmay_misc_feat_secret_circle, minmay_distorted
D:3:      layout_rooms, overflow_temple_1_default, first_ration, uniq_grinder
D:4:      layout_cave_pools, nicolae_alphabet_shops, minmay_liquid_box,
          minmay_mini_ossuary, uniq_pikel
D:5:      layout_basic, serial_shops, kennysheep_mini, nicolae_shop_statue_plus,
          shop, serial_bayou_lake_a
D:6:      layout_loops_ring, minmay_temple_entry_drinking_statues,
          minmay_statues_item, minmay_misc_feat_four_crosses, fedhas_altar_2,
          uniq_prince_ribbit1
D:7:      layout_cave_pools, serial_shops, kennysheep_little_box, basic_altar
D:8:      layout_loops_ring, hangedman_pestilent_swarm, chequers_garden,
          dk_rats_in_the_wall
Temple:   minmay_crystal_snake_temple

Skill      XL: |  1  2  3  4  5  6  7  8  9 |
---------------+----------------------------+-----
Bows           | 6 7 9 11 13 | 13.5
Fighting       | 3 4 5 6 |  6.8
Armour         | 1 2 |  2.8
Short Blades   | 1 2 |  2.5
Dodging        | 2 |  2.7
Maces & Flails | 1 2 |  2.5
Stealth        | 1 |  1.4
Throwing       | |  0.7
Evocations     | |  0.8

Action                   |  1- 3 |  4- 6 |  7- 9 || total
-------------------------+-------+-------+-------++-------
Melee: Short sword       |     8 |   127 |       ||   135
       Kick              |     2 |    34 |    16 ||    52
       Peck              |       |     9 |    11 ||    20
       Whip              |       |       |     4 ||     4
       Mace              |       |       |    58 ||    58
       Dagger            |       |       |     1 ||     1
 Fire: Shortbow          |   106 |   154 |   324 ||   584
Throw: Stone             |    10 |    13 |       ||    23
 Cast: Call Imp          |       |       |     1 ||     1
Evoke: Wand              |       |    11 |     2 ||    13
  Use: Potion            |     3 |     4 |     6 ||    13
       Scroll            |       |     8 |    11 ||    19
  Eat: Ration            |     1 |     2 |     3 ||     6
       Chunk             |       |     3 |     4 ||     7
Armor: Leather armour    |    24 |    16 |       ||    40
       Ring mail         |       |    55 |       ||    55
       Robe              |       |       |    40 ||    40
       Skin              |       |       |    22 ||    22
Dodge: Dodged            |    34 |    81 |    69 ||   184

Table legend:
 A = Non-vault XP
 B = Vault XP
 C = Vault XP percentage of total XP
 D = Non-vault monster count
 E = Vault monster count
 F = Vault count percentage of total count
                 A         B        C        D         E       F
            +---------+---------+-------+---------+---------+-------
      Total |    3768 |    1284 |  25.4 |     171 |      17 |   9.0
            +---------+---------+-------+---------+---------+-------
        D:1 |      33 |       0 |   0.0 |      18 |       0 |   0.0
        D:2 |     165 |      30 |  15.4 |      41 |       9 |  18.0
        D:3 |     132 |     968 |  88.0 |      20 |       2 |   9.1
        D:4 |     344 |      22 |   6.0 |      15 |       5 |  25.0
        D:5 |     748 |       0 |   0.0 |      20 |       0 |   0.0
        D:6 |     880 |     264 |  23.1 |      30 |       1 |   3.2
        D:7 |     941 |       0 |   0.0 |      18 |       0 |   0.0
        D:8 |     525 |       0 |   0.0 |       9 |       0 |   0.0
            +---------+---------+-------+---------+---------+-------
